 Dungeon Crawl Stone Soup version 0.32-a0-779-g362cfcae2a (webtiles) character file.

Game seed: 14078296298907329505

7532 Xavori the Ducker (level 11, -10/67 (79) HPs)
             Began as a Djinni Chaos Knight on Mar 20, 2024.
             Was a Plaything of Xom.
             Mangled by a chaos spawn (13 damage)
             ... summoned by Xom
             ... on level 10 of the Dungeon.
             The game lasted 00:09:31 (15987 turns).

Xavori the Ducker (Djinni Chaos Knight)            Turns: 15987, Time: 00:09:32

HP:   -10/67 (79)   AC:  8    Str: 11      XL:     11   Next: 39%
Gold: 453           EV: 15    Int: 13 (15) God:    Xom [......] SH:  0 Dex: 18

rFire   + + .        p - +3 scimitar (freeze)
rCold   x . .        (no shield)
rNeg    . . .        b - +2 leather armour
rPois   ∞            (no helmet)
rElec   .            (no cloak)
rCorr   .            s - +0 pair of gloves of the Sunfish {Int+2}
SInv    .            (boots unavailable)
Will    ++...        w - amulet of regeneration
Stlth   +            g - +4 ring of slaying
HPRegen 1.91/turn    (no ring)
MPRegen 0.00/turn

%: clarity, infuse magic (-11 HP)
@: flying, heavily drained
A: sickness immunity, fire resistance 2, cold vulnerability 1, float, innate
caster, HP casting, extra vitality 1, clarity, deterioration 1, strong-willed 1,
mutation resistance 1, regeneration 1, shaggy fur 1, MP-powered wands
a: Renounce Religion


You were on level 10 of the Dungeon.
You worshipped Xom.
You were a very special plaything of Xom.
You visited 1 branch of the dungeon, and saw 10 of its levels.

You collected 574 gold pieces.
You spent 121 gold pieces at shops.

Inventory:

Hand Weapons
 p - a +3 scimitar of freezing (weapon)
Armour
 b - a +2 leather armour (worn)
 s - the +0 pair of gloves of the Sunfish (worn) {Int+2}
   (You found it on level 7 of the Dungeon)

   Int+2:     It affects your intelligence (+2).
Jewellery
 g - a +4 ring of slaying (left hand)
 w - an amulet of regeneration (around neck)
Wands
 q - a wand of flame (16)
Scrolls
 c - 2 scrolls of butterflies
 d - 2 scrolls of teleportation
 j - 3 scrolls of enchant armour
 o - 3 scrolls of enchant weapon
 u - 3 scrolls of vulnerability
 x - a scroll of poison
 y - a scroll of brand weapon
Potions
 a - 2 potions of might {unknown}
 f - a potion of resistance
 h - 2 potions of degeneration {unknown}
 i - 2 potions of cancellation {unknown}
 k - 6 potions of enlightenment
 m - 3 potions of mutation {unknown}
 n - 2 potions of brilliance
 r - a potion of lignification {unknown}
 t - 2 potions of ambrosia {unknown}
 v - a potion of curing


   Skills:
 + Level 7.3 Fighting
 + Level 6.7 Long Blades
 + Level 6.7 Armour
 + Level 7.6 Dodging
 * Level 7.1 Spellcasting
 * Level 7.1 Conjurations
 * Level 7.1 Hexes
   Level 0.0 Charms
 * Level 7.1 Summonings
 * Level 7.1 Necromancy
 * Level 7.1 Translocations
   Level 0.0 Transmutations
 * Level 7.1 Fire Magic
 * Level 7.1 Ice Magic
 * Level 7.1 Air Magic
 * Level 7.1 Earth Magic
 * Level 7.1 Alchemy
 + Level 4.5 Evocations


You knew the following spells:

 Your Spells              Type           Power      Damage    Failure   Level
a - Magic Dart            Conj           92%        1d7       1%          1
b - Momentum Strike       Conj/Tloc      46%        3d9       1%          2
c - Confusing Touch       Hex            23%        N/A       3%          3
d - Summon Blazeheart Go  Fire/Summ      23%        N/A       11%         4
e - Leda's Liquefaction   Alch/Erth      11%        N/A       11%         4
Your spell library was empty.

Dungeon Overview and Level Annotations

Branches:
Dungeon (10/15)            Temple (0/1) D:4            Lair (0/5) D:9
    Orc: D:9-12

Altars:
Cheibriados
Elyvilon
Hepliaklqana
Makhleb
Trog
Uskayaw

Shops:
D:3 [*

Annotations:
D:8 exclusion: statue


Innate Abilities, Weirdness & Mutations

You are immune to sickness and miasma.
You are immune to poison.
Your flesh is very heat resistant. (rF++)
You are vulnerable to cold. (rC-)
You float through the air rather than walking.
You learn spells naturally, not from books.
Your magical power is your life essence.
You have superior vitality. (+4 MHP)
You possess an exceptional clarity of mind.
Your body sometimes deteriorates upon taking damage.
You are strong-willed. (Will+)
You are somewhat resistant to further mutation.
Your natural rate of healing is unusually fast.
You are covered in fur. (AC +1)
You expend health (3 HP) to strengthen your wands.


Message History

The iron imp hits you but does no damage.
The shadow imp barely misses you. The ufetubus closely misses you.
The ufetubus hits you but does no damage.
The chaos spawn misses you.
You closely miss the ufetubus.
The ufetubus hits you but does no damage.
The ufetubus misses you. The iron imp barely misses you.
The hellwing hits you but does no damage.
The hellwing hits you.
The shadow imp hits you but does no damage.
The chaos spawn closely misses you.
You barely miss the ufetubus. The ufetubus barely misses you.
The ufetubus closely misses you.
The iron imp hits you but does no damage.
The hellwing closely misses you. x2; The chaos spawn completely misses you.
The ufetubus barely misses you. x2
Unknown command.
You miss the ufetubus.
The ufetubus hits you but does no damage. x2
The wight closely misses you. The hellwing misses you. x2
The chaos spawn pecks you but does no damage.
The iron imp closely misses you.
Unknown command.
You slash the ufetubus! You freeze the ufetubus.
You kill the ufetubus!
The ufetubus disappears in a puff of smoke!
The two-headed ogre hits you with a +0 giant club!
The two-headed ogre hits you with a +0 giant spiked club!!
* * * LOW HITPOINT WARNING * * *
The wight closely misses you. The hellwing hits you.
* * * LOW HITPOINT WARNING * * *
The hellwing completely misses you. The chaos spawn trunk-slaps you!
* * * LOW HITPOINT WARNING * * *
Xom thinks this is hilarious!
The iron imp misses you.
Okay, then.
The two-headed ogre disappears in a puff of smoke!
The chaos spawn touches you!
You die...
Xom giggles madly!

#####
#...#
#$..#
#...#
#...#
#§..#
#@4.#
#45.#
#5z.#####
#.9......
#Y..#####
#.### #.#
#.# #.#


You could see a hellwing (summoned), a yak (summoned), a chaos spawn (summoned),
a gargoyle (summoned), an iron imp (summoned), a wight (summoned) and a shadow
imp (summoned).

Vanquished Creatures
  A two-headed ogre (D:8)
  An orange demon (D:8)
  2 wyverns (D:9)
  3 yaks (D:9)
  A steam dragon (D:6)
  2 basilisks (D:9)
  Edmund (D:5)
  Duvessa (D:4)
  7 water moccasins
  A sky beast (D:8)
  4 ice beasts
  2 orc warriors
  A black bear (D:9)
  An ogre (D:6)
  2 wolves (D:9)
  3 centaurs
  2 kobold brigands
  4 bullfrogs
  2 scorpions
  5 wights
  Dowan (D:4)
  4 killer bees (D:9)
  A nameless horror (D:8)
  5 howler monkeys
  3 orc priests
  A gnoll bouda (D:7)
  6 hounds
  A jelly (D:4)
  3 iguanas (D:6)
  A sleepcap (D:8)
  6 orc wizards
  7 gnolls
  2 adders
  2 ufetubi
  2 ribbon worms
  4 dart slugs
  30 orcs
  6 ball pythons
  5 endoplasms
  2 giant cockroaches
  5 goblins
  12 hobgoblins
  20 kobolds
  4 quokkas
  4 bats
  2 frilled lizards (D:3)
  4 rats
  A spectral goblin (D:1)
190 creatures vanquished.

Vanquished Creatures (collateral kills)
  A two-headed ogre (D:9)
  A shadow (D:9)
  A wyvern (D:9)
  A kobold brigand (D:9)
  A wight (D:9)
  2 killer bees (D:9)
  3 howler monkeys (D:9)
  A jelly (D:7)
  A gnoll (D:6)
  4 kobolds (D:9)
16 creatures vanquished.

Vanquished Creatures (others)
  A water moccasin (D:5)
  An ice beast (D:5)
  A blazeheart core (D:8)
3 creatures vanquished.

Grand Total: 209 creatures vanquished

Notes
Turn   | Place    | Note
-------+----------+-------------------------------------------
     0 | D:1      | Xavori the Djinni Chaos Knight began the quest for the Orb.
     0 | D:1      | Reached XP level 1. HP: 20/20 MP: 0/0
    55 | D:1      | XOM: silly message
    96 | D:1      | Reached XP level 2. HP: 25/25 MP: 0/0
   114 | D:1      | Found a faded altar of an unknown god.
   369 | D:1      | XOM: silly message
   402 | D:1      | XOM: enchant monster (bad)
   406 | D:1      | Reached skill level 1 in Spellcasting
   406 | D:1      | Reached skill level 1 in Conjurations
   406 | D:1      | Reached skill level 1 in Hexes
   406 | D:1      | Reached skill level 1 in Summonings
   406 | D:1      | Reached skill level 1 in Necromancy
   406 | D:1      | Reached skill level 1 in Translocations
   406 | D:1      | Reached skill level 1 in Fire Magic
   406 | D:1      | Reached skill level 1 in Ice Magic
   406 | D:1      | Reached skill level 1 in Air Magic
   406 | D:1      | Reached skill level 1 in Earth Magic
   406 | D:1      | Reached skill level 1 in Alchemy
   406 | D:1      | Reached XP level 3. HP: 12/30 MP: 0/0
   406 | D:1      | Learned a level 1 spell: Magic Dart
   415 | D:1      | XOM: 2-stop teleportation journey
   525 | D:1      | XOM: god gift: 45 gold pieces
   593 | D:1      | XOM: summons 1 hostile demon
   748 | D:1      | XOM: silly message
  1039 | D:1      | XOM is BORED!
  1039 | D:1      | XOM: give mutation
  1039 | D:1      | Gained mutation: You have a pair of small horns on your
                  | head. [Xom's mischief]
  1092 | D:1      | XOM: god gift: 43 gold pieces
  1738 | D:1      | XOM: summons 2 hostile demons
  2987 | D:1      | XOM: silly message
  3011 | D:1      | XOM: divination: magic mapping
  3107 | D:1      | XOM: cloud trail
  3563 | D:1      | XOM is BORED!
  3563 | D:1      | XOM: noise
  3761 | D:1      | XOM: noise
  3850 | D:1      | XOM: noise
  4175 | D:1      | XOM: silly message
  4182 | D:1      | XOM is BORED!
  4239 | D:1      | XOM: cloud trail
  4248 | D:1      | XOM: silly message
  4540 | D:1      | XOM: silly message
  4766 | D:1      | XOM: noise
  5141 | D:1      | XOM: silly message
  5334 | D:1      | XOM: silly message
  5963 | D:1      | XOM: god gift: orange potion {god gift}
  6090 | D:1      | XOM: give mutation
  6267 | D:1      | XOM: silly message
  7351 | D:1      | XOM: cloud trail
  7360 | D:1      | XOM: silly message
  8421 | D:1      | XOM is BORED!
  8421 | D:1      | XOM: silly message
  8510 | D:1      | XOM: noise
  9392 | D:1      | XOM: silly message
  9436 | D:1      | XOM is BORED!
  9436 | D:1      | XOM: silly message
  9439 | D:2      | XOM: give mutations
  9439 | D:2      | Gained mutation: You are somewhat resistant to further
                  | mutation. [Xom's grace]
  9439 | D:2      | Gained mutation: You expend health (3 HP) to strengthen
                  | your wands. [Xom's grace]
  9513 | D:2      | XOM: 2-stop teleportation journey
  9601 | D:2      | XOM: 1-stop teleportation journey
  9613 | D:2      | Found a bloodstained altar of Trog.
  9618 | D:2      | Reached XP level 4. HP: 30/35 MP: 0/0
 10318 | D:3      | Found Zuag's Armour Boutique.
 10467 | D:3      | Found a snail-covered altar of Cheibriados.
 10475 | D:3      | XOM: silly message
 10558 | D:3      | Found Helej's General Store.
 10720 | D:3      | XOM: give mutations
 10720 | D:3      | Gained mutation: You are strong-willed. (Will+) [Xom's
                  | grace]
 10720 | D:3      | Gained mutation: Your muscles are strong. (Str +4, Int/Dex
                  | -1) [Xom's grace]
 10720 | D:3      | Gained mutation: You possess an exceptional clarity of
                  | mind. [Xom's grace]
 10744 | D:3      | Found Eholoj's General Store.
 10750 | D:3      | Bought 3 scrolls of identify for 66 gold pieces
 10750 | D:3      | Bought a potion of heal wounds for 55 gold pieces
 11098 | D:4      | Reached XP level 5. HP: 40/40 MP: 0/0
 11098 | D:4      | Learned a level 2 spell: Momentum Strike
 11098 | D:4      | Found a staircase to the Ecumenical Temple.
 11304 | D:3      | HP: 2/40 [ufetubus (4)]
 11459 | D:4      | Reached XP level 6. HP: 42/47 MP: 0/0
 11544 | D:4      | Noticed Sigmund
 11550 | D:4      | XOM: summons friendly white imp
 11551 | D:4      | Sigmund changed into Sigmund the jelly
 11551 | D:4      | Noticed Sigmund
 11552 | D:4      | Killed Sigmund the jelly
 11610 | D:4      | Noticed Dowan
 11611 | D:4      | Noticed Duvessa
 11617 | D:4      | XOM: swap monsters
 11631 | D:4      | Killed Duvessa
 11632 | D:4      | Reached XP level 7. HP: 31/51 MP: 0/0
 11632 | D:4      | Learned a level 3 spell: Confusing Touch
 11646 | D:4      | Killed Dowan
 11770 | D:4      | XOM: god gift: 37 gold pieces
 11973 | D:4      | XOM: give mutations
 11973 | D:4      | Lost mutation: Your muscles are strong. (Str +4, Int/Dex
                  | -1) [Xom's mischief]
 11973 | D:4      | Gained mutation: Your body sometimes deteriorates upon
                  | taking damage. [Xom's mischief]
 11973 | D:4      | Lost mutation: You are strong-willed. (Will+) [Xom's
                  | mischief]
 11973 | D:4      | Lost mutation: You have a pair of small horns on your head.
                  | [Xom's mischief]
 11998 | D:4      | XOM: god gift: runed quarterstaff {god gift}
 12113 | D:4      | XOM: give mutations
 12113 | D:4      | Gained mutation: You are covered in fur. (AC +1) [Xom's
                  | grace]
 12113 | D:4      | Gained mutation: You are strong-willed. (Will+) [Xom's
                  | grace]
 12113 | D:4      | Gained mutation: Your natural rate of healing is unusually
                  | fast. [Xom's grace]
 12136 | D:5      | Entered Level 5 of the Dungeon
 12138 | D:5      | Noticed a water moccasin
 12149 | D:5      | Killed a water moccasin
 12299 | D:5      | XOM: cast spell 'Metabolic Englaciation'
 12321 | D:5      | Reached XP level 8. HP: 54/58 MP: 0/0
 12370 | D:5      | XOM: butterfly on damage
 12533 | D:5      | XOM: divination: detect items
 12544 | D:5      | XOM: divine lightning
 12712 | D:5      | XOM: divination: detect creatures
 12777 | D:5      | Noticed Edmund
 12791 | D:5      | Killed Edmund
 12868 | D:6      | XOM: noise
 12885 | D:6      | XOM: cast spell 'Summon Small Mammal'
 12904 | D:6      | Reached skill level 5 in Fighting
 12913 | D:6      | Reached skill level 5 in Dodging
 12913 | D:6      | Reached XP level 9. HP: 53/65 MP: 0/0
 12913 | D:6      | Learned a level 4 spell: Summon Blazeheart Golem
 12919 | D:6      | HP: 2/65 [gnoll/+0 halberd[a gnoll bouda] (15)]
 12929 | D:5      | XOM: silly message
 13123 | D:6      | XOM: potion effect (attraction)
 13137 | D:6      | Reached skill level 5 in Spellcasting
 13137 | D:6      | Reached skill level 5 in Conjurations
 13137 | D:6      | Reached skill level 5 in Hexes
 13137 | D:6      | Reached skill level 5 in Summonings
 13137 | D:6      | Reached skill level 5 in Necromancy
 13137 | D:6      | Reached skill level 5 in Translocations
 13137 | D:6      | Reached skill level 5 in Fire Magic
 13137 | D:6      | Reached skill level 5 in Ice Magic
 13137 | D:6      | Reached skill level 5 in Air Magic
 13137 | D:6      | Reached skill level 5 in Earth Magic
 13137 | D:6      | Reached skill level 5 in Alchemy
 13206 | D:6      | Found a burning altar of Makhleb.
 13245 | D:6      | Reached skill level 5 in Long Blades
 13435 | D:7      | XOM: 1-stop teleportation journey
 13457 | D:7      | Found a hazy altar of Hepliaklqana.
 13464 | D:7      | XOM: polymorph orc -> endoplasm
 13470 | D:7      | XOM: enchant monster (good)
 13516 | D:7      | Reached skill level 1 in Evocations
 13546 | D:7      | Found a hide-covered altar of Uskayaw.
 13626 | D:7      | XOM: summons 2 friendly demons
 13699 | D:7      | Reached skill level 5 in Armour
 13722 | D:7      | Identified the +0 pair of gloves of the Sunfish {Int+2}
 13725 | D:7      | XOM: god gift: 48 gold pieces
 13764 | D:7      | XOM: cloud trail
 13776 | D:7      | Found a white marble altar of Elyvilon.
 13836 | D:7      | XOM: silly message
 13967 | D:8      | Noticed a two-headed ogre
 13967 | D:8      | XOM: enchant monster (good)
 13978 | D:8      | Killed a two-headed ogre
 13979 | D:8      | Reached XP level 10. HP: 72/72 MP: 0/0
 14020 | D:8      | XOM: 2-stop teleportation journey
 14091 | D:8      | Noticed Amaemon
 14092 | D:8      | Noticed an orange demon
 14095 | D:8      | Amaemon changed into Amaemon the scorpion
 14095 | D:8      | Noticed Amaemon
 14095 | D:8      | XOM: polymorph Amaemon -> Amaemon the scorpion
 14098 | D:8      | Killed Amaemon the scorpion
 14098 | D:8      | XOM: summons friendly iron imp
 14103 | D:8      | Killed an orange demon
 14129 | D:8      | XOM: blink monster(s)
 14171 | D:8      | XOM: enchant monster (bad)
 15275 | D:9      | XOM: scenery: 1 doors close
 15403 | D:9      | Noticed a two-headed ogre
 15408 | D:9      | Killed a two-headed ogre
 15409 | D:9      | Reached XP level 11. HP: 53/79 MP: 0/0
 15409 | D:9      | Learned a level 4 spell: Leda's Liquefaction
 15426 | D:9      | XOM: cloud trail
 15458 | D:9      | XOM: summons friendly crimson imp
 15460 | D:9      | XOM: summons friendly crimson imp
 15462 | D:9      | XOM: snakes to sticks
 15468 | D:9      | XOM: snakes to sticks
 15496 | D:9      | Found a staircase to the Lair.
 15498 | D:9      | XOM: summons friendly white imp
 15657 | D:9      | XOM: cast spell 'Summon Horrible Things'
 15951 | D:9      | XOM: draining
 15954 | D:10     | Entered Level 10 of the Dungeon
 15955 | D:10     | XOM: summons 4 hostile shadow creatures
 15956 | D:10     | Noticed a two-headed ogre
 15980 | D:10     | XOM: summons 6 hostile demons
 15986 | D:10     | HP: 1/67 [chaos spawn[Xom] (9)]
 15987 | D:10     | Mangled by a chaos spawn

Illustrated notes

Levels and vault maps discovered:
D:1:      spicycebolla_arrival_clurvy, layout_basic,
          dreamdust_ecumenical_altar_drowned_temple, fountainhead,
          minmay_box_of_dots
D:2:      layout_basic, basic_altar
D:3:      layout_loops_ring, kennysheep_slug_shrine, serial_shops, shop, shop,
          nicolae_square_shop
D:4:      layout_gridville, minmay_temple_entry_sparse_star, uniq_duvessa,
          uniq_sigmund
D:5:      layout_loops_cross, uniq_edmund
D:6:      layout_basic, old_standard_altar, minmay_misc_feat_plants
D:7:      layout_cave_pools, mainiacjoe_overflow_24_doors,
          mainiacjoe_overflow_large_starburst
D:8:      layout_layer_cave, vehumet_statue, uniq_amaemon
D:9:      layout_stronghold, minmay_lair_entry_grove
D:10:     layout_basic, grunt_dithmenos_shadows, okawaru_gym_becter,
          mainiacjoe_overflow_alcove_4, david_orc_4, uniq_harold

Skill      XL: |  1  2  3  4  5  6  7  8  9 10 11 |
---------------+----------------------------------+-----
Spellcasting   | 1 2 3 4 5 6 7 |  7.1
Conjurations   | 1 2 3 4 5 6 7 |  7.1
Hexes          | 1 2 3 4 5 6 7 |  7.1
Summonings     | 1 2 3 4 5 6 7 |  7.1
Necromancy     | 1 2 3 4 5 6 7 |  7.1
Translocations | 1 2 3 4 5 6 7 |  7.1
Fire Magic     | 1 2 3 4 5 6 7 |  7.1
Ice Magic      | 1 2 3 4 5 6 7 |  7.1
Air Magic      | 1 2 3 4 5 6 7 |  7.1
Earth Magic    | 1 2 3 4 5 6 7 |  7.1
Alchemy        | 1 2 3 4 5 6 7 |  7.1
Long Blades    | 3 4 5 6 |  6.7
Armour         | 2 3 4 5 6 |  6.7
Dodging        | 3 4 5 6 7 |  7.6
Fighting       | 4 5 6 7 |  7.3
Evocations     | 2 3 4 |  4.5

Action                     |  1- 3 |  4- 6 |  7- 9 | 10-12 || total
---------------------------+-------+-------+-------+-------++-------
  Melee: Falchion          |    94 |   105 |   184 |       ||   383
         Headbutt          |       |    19 |     4 |       ||    23
         Scimitar          |       |       |    86 |   160 ||   246
   Cast: Confusing Touch   |       |       |     1 |       ||     1
         Summon Blazeheart |       |       |       |     2 ||     2
    Use: Potion            |     1 |       |     1 |       ||     2
         Scroll            |       |     4 |     7 |     6 ||    17
   Stab: Paralysed         |       |     1 |     1 |       ||     2
         Petrified         |       |     8 |       |       ||     8
         Petrifying        |       |     1 |       |       ||     1
         Distracted        |       |       |       |     1 ||     1
 Armour: Leather armour    |    54 |    82 |   233 |   157 ||   526
  Dodge: Dodged            |    52 |    67 |   221 |   166 ||   506

Table legend: (Time is in decaauts)
 A = Elapsed time spent in this place.
 B = Non-inter-level travel time spent in this place.
 C = Inter-level travel time spent in this place.
 D = Time resting spent in this place.
 E = Time spent auto-exploring this place.
 F = Levels seen in this place.
 G = Mean time per level.
                   A        B        C        D        E       F      G
               +--------+--------+--------+--------+--------+-----+--------+
         Total |  16072 |  15897 |    175 |   9255 |   5124 |  10 | 1607.2 |
       Dungeon |  16072 |  15897 |    175 |   9255 |   5124 |  10 | 1607.2 |
               +--------+--------+--------+--------+--------+-----+--------+

Top non-repeatable levels by time:
     D:1: 9343 daAuts
     D:8: 1260 daAuts
     D:3: 1024 daAuts
     D:2: 990 daAuts
     D:5: 852 daAuts
     D:4: 816 daAuts
     D:9: 757 daAuts
     D:7: 532 daAuts
     D:6: 460 daAuts
    D:10: 33 daAuts
